Cogmind - Beta 17.1 @@@ ROGUE MODE // 2026.09.11 @ 14:06:43 Player: Somberlain Result: Destroyed by P-80 Master with Gamma Rifle Performance ------------- Evolutions (7) 3500 Regions Visited (13) 2600 Robots Destroyed (162) 810 Value Destroyed (8452) 8452 Prototype IDs (8) 160 Alien Tech Used (0) 0 Bonus (7080) 7080 TOTAL SCORE: 22602 Bonus ------- Triggered High Security 500 High Alert Combat Kills 2518 Follower Combat Kills 2162 Entered Garrisons 400 Used RIF Installer 1000 Entered DSFs 500 Cogmind --------- Core Integrity 0/1300 Matter 210/300 Energy 100/100 System Corruption 6% Temperature Cool (0) Movement Flying (40) Location -3/Research Parts ------- > --- POWER (2) -------- (None) > --- PROPULSION (4) --- Field Propulsion Array > --- UTILITY (11) ----- Advanced Coolant Injector Advanced Target Analyzer Advanced Corruption Screen > --- WEAPON (4) ------- Heavy Mace Axe > --- INVENTORY (5) ---- Q-thruster Advanced Recalibrator Railgun Peak State ------------ > --- POWER ------------ Light Antimatter Reactor Light Quantum Reactor > --- PROPULSION ------- Flexi-carbon Leg Myomer Leg Myomer Leg Myomer Leg > --- UTILITY ---------- Advanced Cryofiber Web Advanced Heat Sink Advanced Heat Sink Medium Storage Unit Advanced Weapon Cycler Improved Phase Shifter Improved Remote Force Field Relay Coupler [Sentry] > --- WEAPON ----------- Quantum Rifle HERF Cannon HERF Cannon HERF Cannon > --- INVENTORY -------- Light Antimatter Reactor Dispersion Rifle Improved Remote Datajack Phasing Sabre Phasing Sabre Phasing Sabre Phasing Sabre [Rating: 119] Favorites ----------- Power Light Quantum Reactor Engine Ion Engine Power Core Light Nuclear Core Reactor Light Quantum Reactor Propulsion Flexi-carbon Leg Treads Biometal Heavy Treads Leg Flexi-carbon Leg Hover Unit Gravmag Array Flight Unit Improved VTOL Module Utility Advanced Heat Sink Device Advanced Heat Sink Storage Medium Storage Unit Processor Improved Signal Interpreter Hackware Relay Coupler [Grunt] Protection Improved Medium Armor Plating Weapon Enhanced Hardcell Cannon Energy Gun Heavy EM Pulse Gun Energy Cannon Enhanced Nova Cannon Ballistic Gun KE Penetrator Ballistic Cannon Enhanced Hardcell Cannon Launcher Heavy Shock Bomb Launcher Special Weapon Improved Remote Datajack Impact Weapon Heavy Hammer Slashing Weapon Phasing Sabre Piercing Weapon Lance Special Melee Weapon Datajack Build | -11 -10 -9 -8 -7 -7 -6 -5 -5 -5 -5 -4 -4 -3 ------- Run | Yrd Mat Mat Mat Fac DSF Fac Fac Gar Fac Gar Fac Ext Res Slots Evolved 14 | . . 2 2 2 . 2 2 . . . 2 . 2 Power 1 | . . . . . . . 1 . . . . . . Propulsion 2 | . . . . . . 2 . . . . . . . Utility 9 | . . 2 2 2 . . 1 . . . . . 2 Weapon 2 | . . . . . . . . . . . 2 . . Parts Attached 219 | 6 6 31 26 1 2 19 11 20 1 29 3 31 33 Power 30 | 1 1 3 5 . . 5 1 3 . 3 . 4 4 Engine 9 | 1 . 3 4 . . 1 . . . . . . . Core 6 | . 1 . 1 . . 3 1 . . . . . . Reactor 15 | . . . . . . 1 . 3 . 3 . 4 4 Propulsion 49 | 2 1 7 5 . . 5 1 2 . 7 . 11 8 Treads 5 | . . . . . . . . 2 . 2 . . 1 Leg 21 | 2 1 3 . . . . . . . 4 . 10 1 Wheel . | . . . . . . . . . . . . . . Hover 5 | . . . . . . 3 . . . . . . 2 Flight 18 | . . 4 5 . . 2 1 . . 1 . 1 4 Utility 94 | 1 2 12 14 1 . 9 6 11 1 13 1 8 15 Device 49 | . 1 5 8 1 . 6 5 3 1 4 . 4 11 Storage 8 | 1 1 2 1 . . . . . . . . 2 1 Processor 13 | . . 3 2 . . 3 1 . . . 1 . 3 Hackware 18 | . . . 1 . . . . 7 . 9 . 1 . Protection 6 | . . 2 2 . . . . 1 . . . 1 . Artifact . | . . . . . . . . . . . . . . Weapon 46 | 2 2 9 2 . 2 . 3 4 . 6 2 8 6 Energy Gun 13 | . 2 6 . . . . . 2 . 1 . 1 1 Energy Cannon 5 | . . . . . . . . 2 . . . . 3 Ballistic Gun 4 | 2 . . . . . . . . . . . 2 . Ballistic Cannon 6 | . . . . . . . . . . 4 2 . . Launcher 1 | . . . . . . . 1 . . . . . . Special Weapon 2 | . . . . . . . 1 . . 1 . . . Impact Weapon 2 | . . 1 . . . . . . . . . . 1 Slashing Weapon 11 | . . 2 1 . 2 . . . . . . 5 1 Piercing Weapon 1 | . . . . . . . 1 . . . . . . Special Melee Weapon 1 | . . . 1 . . . . . . . . . . Unidentified Prototypes 6 | . . 1 2 . . 3 . . . . . . . Parts Lost 101 | . 1 15 10 . . 14 . 1 1 7 . 21 31 Power 13 | . . 4 2 . . 1 . . . . . 2 4 Propulsion 25 | . 1 5 1 . . 2 . . . 2 . 6 8 Utility 45 | . . 2 5 . . 9 . 1 1 5 . 8 14 Weapon 18 | . . 4 2 . . 2 . . . . . 5 5 Highest Loss Streak 17 | . 1 11 5 . . 12 . 1 1 3 . 10 17 To Critical Strikes 1 | . . 1 . . . . . . . . . . . Average Backups 4 | . 2 7 4 5 5 4 4 4 5 4 3 3 5 Power . | . . . . . . . . . . . . . 1 Propulsion . | . . . 1 2 1 . . . . . . . . Utility 1 | . 1 3 2 2 2 3 2 . . 1 2 . . Weapon 1 | . 1 2 . . . . . 3 4 2 . 1 3 Tool/Special . | . . . . . . . . . . . . . . Unused Backups 19 | . . 3 4 . 2 . 3 2 . 1 . . 4 Power 2 | . . . 1 . . . . . . . . . 1 Propulsion 6 | . . 1 3 . 1 . . . . . . . 1 Utility 3 | . . 1 . . . . . 1 . 1 . . . Weapon 5 | . . 1 . . . . 1 1 . . . . 2 Tool/Special 3 | . . . . . 1 . 2 . . . . . . Average Slot Usage (%) 80 | . 94 84 92 88 92 76 27 82 87 87 99 83 51 Engine 1 | . 8 2 7 7 7 . . . . . . . . Reactor 6 | . . . . . . . . 10 11 10 10 8 5 Treads 4 | . . . . . . . . 10 11 10 . . . Leg 7 | . 27 18 . . . . . . . 2 21 19 8 Flight 2 | . . 2 17 15 15 6 1 . . . . . 2 Device 18 | . 5 16 19 19 23 22 15 25 25 20 19 13 14 Storage 2 | . 17 9 . . . . . . . . . 1 2 Processor 2 | . . 4 9 7 7 15 2 1 . . 1 2 1 Hackware 13 | . . . 7 7 7 4 . 17 20 28 26 15 1 Protection 2 | . . 6 12 15 15 2 . 2 5 . . 1 . Energy Gun 3 | . 11 17 . . . . . 3 . . . . . Energy Cannon 1 | . . . . . . . . 4 7 . . . . Ballistic Gun 1 | . 16 . . . . . . . . . . 2 . Ballistic Cannon 3 | . . . . . . . . . . 8 15 11 . Special Weapon 1 | . . . . . . . . 1 2 1 4 2 . Slashing Weapon 3 | . . 2 16 15 15 10 . . . . . 2 9 Peak Build Rating 119 | 6 14 25 36 37 40 62 45 116 114 117 116 116 119 Average Rating 72 | 4 9 13 30 35 37 48 25 106 111 102 113 97 75 On Entrance 52 | . 6 14 24 33 37 37 11 40 111 114 102 112 94 Avg Prop Armor Cover (%) 11 | . . . . . . 5 . . . 3 . . 16 Naked Turns 9 | . . . . . . 9 . . . . . . . Heaviest Build 97 | 13 23 35 17 19 19 23 18 77 77 77 86 92 97 Greatest Support 155 | 20 20 20 19 19 19 49 13 155 155 155 76 95 95 Greatest Overweight (x) 4 | . 1 4 . . . 3 1 . . 1 1 3 3 Average Overweight (x) . | . . . . . . . . . . . 1 . . Largest Inventory Capacity 15 | 8 10 15 5 5 5 5 5 5 5 5 5 10 10 Average Capacity 6 | 6 9 10 5 5 5 5 5 5 5 5 5 6 7 Most Carried 11 | . 8 11 5 5 5 5 5 5 5 5 4 9 10 Average Carried 4 | . 2 7 4 5 4 4 4 4 5 4 3 3 6 Final Capacity 10 | 8 10 5 5 5 5 5 5 5 5 5 5 10 5 Final Carried 8 | . 8 3 5 5 5 5 5 5 5 5 3 3 3 Class Distribution -------------------- 34% | Mutant 22% | Bothacker-Mutant 11% | Commander-Mutant 9% | Sprinter 7% | Scavenger-Mutant 3% | Commander-Gunner Dominant Class ---------------- Mutant | -10/Materials Mutant | -9/Materials Sprinter | -8/Materials Sprinter | -7/Factory Sprinter | -7/DSF Gladiator | -6/Factory Mutant | -5/Factory Commander-Mutant | -5/Garrison Commander-Mutant | -5/Factory Bothacker-Mutant | -5/Garrison Bothacker-Gunner | -4/Factory Commander-Gunner | -4/Extension Mutant | -3/Research Resources | -11 -10 -9 -8 -7 -7 -6 -5 -5 -5 -5 -4 -4 -3 ----------- Run | Yrd Mat Mat Mat Fac DSF Fac Fac Gar Fac Gar Fac Ext Res Matter Collected 6200 | 198 174 493 266 . 40 190 5 691 30 2037 42 1583 451 Remotely . | . . . . . . . . . . . . . . Salvage Created 6438 | . 410 917 594 . . 438 38 1025 75 1003 18 1166 754 Parts 346 | . 30 61 36 . . 20 1 48 1 61 . 60 28 Haulers Intercepted 8 | . 1 3 2 . . 2 . . . . . . . Recyclers Shooed 1 | . . . . . . . . . . . . . 1 Parts Field Recycled . | . . . . . . . . . . . . . . Retrieved Matter . | . . . . . . . . . . . . . . Parts Self-Destructed . | . . . . . . . . . . . . . . Prevented . | . . . . . . . . . . . . . . Parts Restored . | . . . . . . . . . . . . . . Kills | -11 -10 -9 -8 -7 -7 -6 -5 -5 -5 -5 -4 -4 -3 ------- Run | Yrd Mat Mat Mat Fac DSF Fac Fac Gar Fac Gar Fac Ext Res Combat Hostiles Destroyed 126 | . 11 15 15 . . 4 . 24 1 29 . 18 9 Melee 36 | . . 6 15 . . 4 . . . . . 3 8 Guns 35 | . 11 6 . . . . . 16 . . . 2 . Cannons 49 | . . . . . . . . 7 1 28 . 13 . AOE 3 | . . 3 . . . . . . . . . . . Classes Destroyed 19 | . 5 7 . . . 2 . 3 . . . 2 . Worker 3 | . 1 . . . . 1 . . . . 1 . . Builder 5 | . . 1 . . . . . . . . . 4 . Tunneler 1 | . . 1 . . . . . . . . . . . Hauler 8 | . 1 3 2 . . 2 . . . . . . . Recycler 3 | . . 1 1 . . . . . . . . 1 . Mechanic 1 | . . 1 . . . . . . . . . . . Operator 6 | . 2 2 1 . . . . . . . . 1 . Watcher 6 | . . 2 . . . . 1 1 . 1 . . 1 Swarmer 47 | . 5 3 10 . . . . 14 . 13 . 2 . Saboteur 3 | . . . . . . . . 1 . 1 . 1 . Grunt 35 | . 6 7 . . . . . 5 . 7 . 5 5 Brawler 4 | . . 2 . . . . . . . . . 2 . Duelist 1 | . . . . . . . . . . . . 1 . Protector 1 | . . . . . . . . . . . . 1 . Sentry 15 | . . 3 5 . . 1 . 1 1 . . 2 2 Specialist 6 | . . . . . . . . 1 . 4 . 1 . Hunter 3 | . . . . . . 1 . . . . . 2 . Programmer 13 | . . . . . . 2 . 2 . 5 . 2 2 Behemoth 1 | . . . . . . . . 1 . . . . . Best Kill Streak 8 | . 5 7 5 . . 1 1 5 1 5 1 8 3 Combat Bots Only 5 | . 4 5 4 . . 1 . 5 1 5 . 4 3 Max Kills in Single Turn 3 | . 1 3 1 . . 1 1 2 1 2 1 2 1 Gunslinging 1 | . . . . . . . . 1 . . . . . Exploded 2 | . . 2 . . . . . . . . . . . Melee 1 | . . 1 1 . . 1 . . . . . 1 1 Uniques/NPCs Destroyed . | . . . . . . . . . . . . . . Combat | -11 -10 -9 -8 -7 -7 -6 -5 -5 -5 -5 -4 -4 -3 -------- Run | Yrd Mat Mat Mat Fac DSF Fac Fac Gar Fac Gar Fac Ext Res Hostile Shots Fired 1404 | . 64 159 138 . 18 280 8 113 13 157 . 194 260 Missed 475 | . 25 46 59 . 13 121 5 21 3 28 . 57 97 Hits 929 | . 39 113 79 . 5 159 3 92 10 129 . 137 163 Melee 18 | . . 4 . . 1 . . . . . . 12 1 Projectile 911 | . 39 109 79 . 4 159 3 92 10 129 . 125 162 AOE 5 | . . . . . 1 1 . . . . . 1 2 Critical Strikes 48 | . . 2 4 . . 5 . 4 . 7 . 12 14 Part Disruptions 2 | . . . . . . 1 . 1 . . . . . Damage Taken 14919 | . 403 1306 823 . 144 1852 58 1302 156 1899 . 3463 3513 Core 3426 | . 65 353 279 . 69 681 20 52 . 168 . 430 1309 Absorbed by Shields 1191 | . . . . . . . . 463 57 230 . 388 53 Reduced by Siege Mode 336 | . . . . . . . . 229 . 107 . . . Redirected to Shielding 28 | . . . 21 . . 7 . . . . . . . Core Remaining (%) 60 | 100 74 11 49 . 90 19 . . . 76 . 62 . Volleys Fired 440 | . 57 38 . . . . 1 98 9 139 13 79 6 Largest 4 | . 2 2 . . . . 1 2 2 2 2 4 3 Hottest 264 | . 90 105 . . . . 46 233 233 178 108 216 264 Shots Fired 745 | . 114 75 . . . . 1 151 11 209 17 155 12 Gun 305 | . 114 75 . . . . . 91 . . . 24 1 Cannon 321 | . . . . . . . . 41 11 158 8 93 10 Launcher 1 | . . . . . . . 1 . . . . . . Special 118 | . . . . . . . . 19 . 51 9 38 1 Kinetic 368 | . 102 . . . . . . . . 141 8 117 . Thermal 200 | . . 39 . . . . . 132 11 17 . . 1 Explosive . | . . . . . . . . . . . . . . Electromagnetic 59 | . 12 36 . . . . 1 . . . . . 10 Robot Hit Streak 17 | . 8 8 . . . . 1 17 6 15 11 12 2 Robot Miss Streak 7 | . 5 5 . . . . . 3 1 4 2 7 3 Penetration Max 1 | . . . . . . . . . . . . 1 . Secondary Targets 3 | . . . . . . . . 3 . . . . . Max Gunslinging Chain 1 | . . . . . . . . 1 . . . . . Shots Hit Robots 582 | . 64 74 46 . . 21 1 96 6 115 11 102 46 Core Hits 226 | . 25 50 18 . . 11 1 35 2 29 2 36 17 Critical Kills 2 | . . . . . . . . . . 1 . 1 . Critical Parts Destroyed . | . . . . . . . . . . . . . . Critical Strikes 34 | . . 3 5 . . 2 . . . 4 . 9 11 Meltdown 1 | . . . . . . . . . . 1 . . . Destroy 1 | . . . . . . . . . . . . 1 . Blast 9 | . . . . . . . . . . 3 . 6 . Sever 23 | . . 3 5 . . 2 . . . . . 2 11 Melee Attacks 253 | . . 37 70 . 2 36 10 6 . . . 25 67 Impact 14 | . . 13 . . . . . . . . . . 1 Slashing 222 | . . 24 69 . 2 36 . . . . . 25 66 Piercing 16 | . . . . . . . 10 6 . . . . . Sneak Attacks 14 | . . 2 5 . . 3 . . . . . 3 1 Combat Hostiles . | . . . . . . . . . . . . . . Follow-up Attacks 28 | . . 2 5 . . 3 . . . . . 10 8 Damage Inflicted 16971 | . 742 1660 1654 . . 818 72 2903 257 3486 263 3094 2022 Guns 4001 | . 742 687 . . . . . 2145 . . . 427 . Cannons 6807 | . . . . . . . . 758 250 3486 263 1826 224 Explosions 176 | . . 104 . . . . 72 . . . . . . Melee 5959 | . . 869 1654 . . 814 . . . . . 824 1798 Ramming 28 | . . . . . . 4 . . 7 . . 17 . Kinetic 6234 | . 660 . . . . . . . . 3058 263 2253 . Thermal 4006 | . . 425 . . . . . 2903 250 428 . . . Explosive . | . . . . . . . . . . . . . . Electromagnetic 744 | . 82 366 . . . . 72 . . . . . 224 Impact 238 | . . 238 . . . . . . . . . . . Slashing 5721 | . . 631 1654 . . 814 . . . . . 824 1798 Piercing . | . . . . . . . . . . . . . . Highest Corruption 14 | . . 5 . . . 5 . 4 4 6 . 14 6 Average Corruption 5 | . . 5 . . . 1 . 3 4 5 . 13 5 Corruption Purged . | . . . . . . . . . . . . . . Corruption Blocked 6 | . . . . . . . . . . . . . 6 Effects 199 | . . 23 . . . 6 . 27 6 96 . 29 12 Message Errors 43 | . . 6 . . . 1 . 4 4 18 . 7 3 Matter Fused 53 | . . 6 . . . 2 . 8 1 26 . 6 4 Heat Flow Errors 18 | . . 1 . . . 1 . 2 . 11 . 3 . Energy Discharges 23 | . . 2 . . . 1 . 5 . 10 . 3 2 Parts Rejected 1 | . . . . . . . . . . . . . 1 Parts Fused 3 | . . 1 . . . . . 1 . 1 . . . Data Loss (minor) 27 | . . 3 . . . 1 . 2 1 14 . 5 1 Data Loss (major) 7 | . . . . . . . . . . 6 . . 1 Misfires 10 | . . 2 . . . . . 2 . 5 . 1 . Alerts 8 | . . . . . . . . 3 . 3 . 2 . Weapon Failures 6 | . . 2 . . . . . . . 2 . 2 . Overload Shots . | . . . . . . . . . . . . . . Overflow Damage 679 | . . 46 104 . . . . 52 . 238 . 120 119 Projectiles 401 | . . . . . . . . 52 . 238 . 106 5 Explosions . | . . . . . . . . . . . . . . Melee 278 | . . 46 104 . . . . . . . . 14 114 Knockbacks 39 | . . 1 . . . . . . . 22 7 9 . Impact 1 | . . 1 . . . . . . . . . . . Kinetic 31 | . . . . . . . . . . 19 5 7 . Secondary 7 | . . . . . . . . . . 3 2 2 . Self-Inflicted Damage 80 | . . 16 . . . 2 . . . . . 62 . Shots 2 | . . 1 . . . . . . . . . 1 . Rammed 2 | . . . . . . 1 . . 1 . . . . Targets Rammed 6 | . . . . . . 1 . . 1 . . 4 . Kicked 4 | . . . . . . . . . . . . 4 . Crushed . | . . . . . . . . . . . . . . Highest Temperature 439 | . 12 133 9 . . 115 . 232 36 217 . 439 5 Average Temperature 69 | . 7 44 7 . . 57 . 53 18 76 . 123 5 Received Heat Transfer 3017 | . 168 483 207 . . 291 27 114 18 574 . 558 577 Effects 3 | . . . . . . . . . . . . 3 . Energy Bleed 1 | . . . . . . . . . . . . 1 . Interference 2 | . . . . . . . . . . . . 2 . Siege Activations 11 | . . . . . . . . 9 . 2 . . . Total Turns 300 | . . . . . . . . 185 . 115 . . . Longest Duration 87 | . . . . . . . . 44 . 87 . . . Martial Activations . | . . . . . . . . . . . . . . Shielding Activations . | . . . . . . . . . . . . . . Robots Disrupted . | . . . . . . . . . . . . . . Combat Hostiles . | . . . . . . . . . . . . . . Robots Corrupted 2 | . . . . . . . . . . 1 . . 1 Combat Hostiles 1 | . . . . . . . . . . . . . 1 Parts Fried 5 | . . . . . . . 2 . . 1 . . 2 Impact Corruptions 3 | . . 1 . . . . . . . 2 . . . Robots Melted 2 | . . . . . . . . 1 . 1 . . . Combat Hostiles 2 | . . . . . . . . 1 . 1 . . . Parts Melted 13 | . . 1 . . . . . 7 1 2 . 1 1 Heat Transferred 4380 | . . 680 . . . . . 3108 222 370 . . . Parts Sabotaged 2 | . . . . . . . . . . . . 2 . Parts Stolen . | . . . . . . . . . . . . . . Parts Stripped . | . . . . . . . . . . . . . . Power Chain Reactions 3 | . . 2 . . . . 1 . . . . . . Alert | -11 -10 -9 -8 -7 -7 -6 -5 -5 -5 -5 -4 -4 -3 ------- Run | Yrd Mat Mat Mat Fac DSF Fac Fac Gar Fac Gar Fac Ext Res Maximum Alert Level 5 | . 1 . 2 . . . . 5 4 5 5 5 4 Low Security (%) 33 | 100 98 100 27 100 100 100 100 19 . . . . . Level 1 4 | . 1 . 57 . . . . 4 . . . . . Level 2 4 | . . . 15 . . . . 19 . . . 1 . Level 3 19 | . . . . . . . . 12 13 9 . 48 98 Level 4 14 | . . . . . . . . 34 86 27 4 7 1 Level 5 22 | . . . . . . . . 9 . 63 96 31 . High Security 1 | . . . . . . . . . . . . 10 . Max Security . | . . . . . . . . . . . . . . Peak Influence 3252 | . 202 98 435 168 164 156 99 1663 1233 3252 1707 1757 1100 Initial 1707 | . . 9 18 168 117 86 12 58 872 772 1707 780 1100 Average 935 | . 49 22 285 168 134 99 12 837 1115 2006 1647 1212 931 Influence Increases 10061 | . 360 505 787 . 47 352 162 1715 492 2910 27 2136 568 Destroy 0b10 Robot/C 3740 | . 220 300 300 . . 80 . 680 160 940 . 880 180 Destroy 0b10 Robot/NC 185 | . 20 55 20 . . 15 5 5 . 10 5 45 5 Destroy Leader 558 | . 52 80 84 . . 34 2 60 40 60 . 104 42 Allied During Kill 1493 | . . . . . . . . 223 115 324 3 828 . Successful Hack 76 | . 8 . . . . 7 . 14 . 23 4 20 . Disable Machine 255 | . 15 30 15 . . . 15 45 . 75 15 45 . Anti-Garrison Action 1850 | . . . . . . . . 500 150 1200 . . . Destroy Structure 539 | . . 10 8 . 2 6 20 143 12 218 . 94 26 Partial Spotted 90 | . . 15 15 . . 15 15 . . . . . 30 Lose Combat Pursuer 1275 | . 45 15 345 . 45 195 105 45 15 60 . 120 285 Influence Decreases 9384 | . 338 482 461 203 51 490 105 135 1051 762 1685 2008 1613 Entered New Map 4712 | . . 13 27 203 51 78 14 25 791 332 1545 814 819 Time Decay 2361 | . 178 332 334 . . 278 91 . 90 . 120 464 474 Lost Part 991 | . 10 137 100 . . 134 . 10 10 70 . 210 310 Lost Ally 1170 | . . . . . . . . 100 160 360 20 520 10 Purge Threat 150 | . 150 . . . . . . . . . . . . Squads Dispatched 38 | . 3 3 1 . 2 5 3 . 2 . 2 10 7 Investigation 7 | . 1 2 . . . 1 1 . . . . 2 . Extermination 6 | . . . . . . 1 1 . . . 1 . 3 Reinforcement 14 | . 2 1 1 . 2 2 1 . . . . 1 4 Assault 10 | . . . . . . . . . 2 . 1 7 . Garrison 1 | . . . . . . 1 . . . . . . . Intercept . | . . . . . . . . . . . . . . Searches Triggered . | . . . . . . . . . . . . . . Construction Impeded 1 | . . . . . . . . . . . . 1 . Haulers Reinforced 1 | . . . . . . 1 . . . . . . . Active Scanning Responses . | . . . . . . . . . . . . . . Cargo Convoy Interrupts . | . . . . . . . . . . . . . . Stealth | -11 -10 -9 -8 -7 -7 -6 -5 -5 -5 -5 -4 -4 -3 --------- Run | Yrd Mat Mat Mat Fac DSF Fac Fac Gar Fac Gar Fac Ext Res Distress Signals 21 | . 4 3 4 . . 2 . . . 1 . 4 3 Communications Jammed . | . . . . . . . . . . . . . . Distress Signals . | . . . . . . . . . . . . . . Times Spotted 352 | . 24 40 37 . 12 24 12 35 7 61 2 57 41 Peak Tracking Total 18 | . 6 11 10 . 10 8 4 5 4 11 2 18 13 Tactical Retreats 42 | . 2 1 10 . 3 8 2 1 1 2 . 5 7 Traps | -11 -10 -9 -8 -7 -7 -6 -5 -5 -5 -5 -4 -4 -3 ------- Run | Yrd Mat Mat Mat Fac DSF Fac Fac Gar Fac Gar Fac Ext Res Traps Triggered 12 | . . 3 . . . . 2 2 . 3 . 2 . Indirectly . | . . . . . . . . . . . . . . Trap Hack Attempts . | . . . . . . . . . . . . . . Triggered . | . . . . . . . . . . . . . . Disarmed . | . . . . . . . . . . . . . . Reprogrammed . | . . . . . . . . . . . . . . Reused . | . . . . . . . . . . . . . . Traps Extracted . | . . . . . . . . . . . . . . Installed . | . . . . . . . . . . . . . . Triggered . | . . . . . . . . . . . . . . Machines | -11 -10 -9 -8 -7 -7 -6 -5 -5 -5 -5 -4 -4 -3 ---------- Run | Yrd Mat Mat Mat Fac DSF Fac Fac Gar Fac Gar Fac Ext Res Machines Disabled 35 | . 1 2 1 . . . 1 11 1 12 1 5 . Max in Single Turn 3 | . 1 1 1 . . . 1 1 . 2 1 3 . Garrison Access 1 | . . . . . . . . . 1 . . . . Garrison Relay 10 | . . . . . . . . 5 . 5 . . . Phase Generator 2 | . . . . . . . . 1 . 1 . . . Energy Cycler 2 | . . . . . . . . . . . . 2 . Machines Repaired . | . . . . . . . . . . . . . . Machines Dismantled . | . . . . . . . . . . . . . . Machines Sabotaged . | . . . . . . . . . . . . . . Overloaded Fab Kills . | . . . . . . . . . . . . . . Hacking | -11 -10 -9 -8 -7 -7 -6 -5 -5 -5 -5 -4 -4 -3 --------- Run | Yrd Mat Mat Mat Fac DSF Fac Fac Gar Fac Gar Fac Ext Res Machines Accessed 35 | . 3 4 4 1 . 4 5 2 1 4 1 4 2 Terminals 30 | . 3 4 4 1 . 3 3 2 . 4 1 4 1 Fabricators . | . . . . . . . . . . . . . . Repair Stations . | . . . . . . . . . . . . . . Recycling Units 1 | . . . . . . . 1 . . . . . . Scanalyzers 1 | . . . . . . . . . . . . . 1 Garrison Access 3 | . . . . . . 1 1 . 1 . . . . Total Hacks 59 | . 5 8 6 1 . 6 7 3 1 7 4 9 2 Successful 19 | . 2 1 . 1 . 2 2 2 1 3 1 4 . Failed 40 | . 3 7 6 . . 4 5 1 . 4 3 5 2 Catastrophic 16 | . 2 4 2 . . 2 2 . . 2 . 1 1 Database Lockouts . | . . . . . . . . . . . . . . Manual 24 | . 5 7 6 . . 2 2 . . 1 . . 1 Terminals 52 | . 5 8 6 1 . 4 4 3 . 7 4 9 1 Fabricators . | . . . . . . . . . . . . . . Repair Stations . | . . . . . . . . . . . . . . Recycling Units 2 | . . . . . . . 2 . . . . . . Scanalyzers 1 | . . . . . . . . . . . . . 1 Garrison Access 4 | . . . . . . 2 1 . 1 . . . . Terminal Hacks 16 | . 2 1 . 1 . 2 . 2 . 3 1 4 . Record 3 | . . . . . . 1 . . . . . 2 . Part Schematic 1 | . . . . . . 1 . . . . . . . Prototype ID Bank 1 | . . 1 . . . . . . . . . . . Open Door 4 | . . . . . . . . . . 1 1 2 . Open DSF 1 | . . . . 1 . . . . . . . . . Branch Access Points 1 | . 1 . . . . . . . . . . . . Emergency Access Points 2 | . . . . . . . . 1 . 1 . . . Unreport Threat 1 | . 1 . . . . . . . . . . . . Patrol Navigation 1 | . . . . . . . . 1 . . . . . Security Stations 1 | . . . . . . . . . . 1 . . . Fabricator Hacks . | . . . . . . . . . . . . . . Repair Station Hacks . | . . . . . . . . . . . . . . Recycling Unit Hacks 1 | . . . . . . . 1 . . . . . . Retrieve Components 1 | . . . . . . . 1 . . . . . . Scanalyzer . | . . . . . . . . . . . . . . Garrison Access Hacks 2 | . . . . . . . 1 . 1 . . . . Unlock Access 2 | . . . . . . . 1 . 1 . . . . Unauthorized Hacks . | . . . . . . . . . . . . . . Terminals . | . . . . . . . . . . . . . . Fabricators . | . . . . . . . . . . . . . . Repair Stations . | . . . . . . . . . . . . . . Recycling Units . | . . . . . . . . . . . . . . Scanalyzers . | . . . . . . . . . . . . . . Garrison Access . | . . . . . . . . . . . . . . Data Cores Recovered 1 | . . 1 . . . . . . . . . . . Used . | . . . . . . . . . . . . . . Hacking Detections 28 | . 2 4 4 . . 3 4 1 . 4 1 3 2 Full Trace Events 4 | . . . . . . 1 1 . . . . 2 . Feedback Events 1 | . . . . . . 1 . . . . . . . Corruption 1 | . . . . . . 1 . . . . . . . Feedback Blocked . | . . . . . . . . . . . . . . Robot Schematics Acquired . | . . . . . . . . . . . . . . Robots Built . | . . . . . . . . . . . . . . Authchips . | . . . . . . . . . . . . . . Time . | . . . . . . . . . . . . . . Total Robot Build Rating . | . . . . . . . . . . . . . . Part Schematics Acquired 1 | . . . . . . 1 . . . . . . . Parts Built . | . . . . . . . . . . . . . . Authchips . | . . . . . . . . . . . . . . Time . | . . . . . . . . . . . . . . Total Part Build Rating . | . . . . . . . . . . . . . . Part Studies Acquired . | . . . . . . . . . . . . . . Parts Repaired . | . . . . . . . . . . . . . . Time . | . . . . . . . . . . . . . . Parts Recycled . | . . . . . . . . . . . . . . Recycled Matter . | . . . . . . . . . . . . . . Retrieved Matter . | . . . . . . . . . . . . . . Retrieved Components 2 | . . . . . . . 2 . . . . . . Parts Scanalyzed . | . . . . . . . . . . . . . . Part Schematics Acquired . | . . . . . . . . . . . . . . Parts Damaged . | . . . . . . . . . . . . . . Bothacking | -11 -10 -9 -8 -7 -7 -6 -5 -5 -5 -5 -4 -4 -3 ------------ Run | Yrd Mat Mat Mat Fac DSF Fac Fac Gar Fac Gar Fac Ext Res Used RIF Installer 2 | . . . . . . . . 1 . 1 . . . Hotswap 1 | . . . . . . . . . . 1 . . . Robots Hacked 24 | . . . . . . . . 3 . 11 2 7 1 Non-combat 1 | . . . . . . . . . . . . . 1 Combat 23 | . . . . . . . . 3 . 11 2 7 . Robot Hacks Applied 26 | . . . . . . . . 3 . 13 2 7 1 parse_system 4 | . . . . . . . . . . 3 . . 1 formatsys_high 22 | . . . . . . . . 3 . 10 2 7 . Relay Couplers Released 40 | . . . . . . . . 19 2 19 . . . Machine Destruction 40 | . . . . . . . . 19 2 19 . . . Attached 17 | . . . . . . . . 7 . 9 . 1 . Fabnet Peak Effective % . | . . . . . . . . . . . . . . Robots Rewired 42 | . . . . . . . . 12 . 15 2 13 . Allies Hacked 2 | . . . . . . . . . . . . 2 . Hacks Repelled . | . . . . . . . . . . . . . . Allies | -11 -10 -9 -8 -7 -7 -6 -5 -5 -5 -5 -4 -4 -3 -------- Run | Yrd Mat Mat Mat Fac DSF Fac Fac Gar Fac Gar Fac Ext Res Total Allies 67 | . . . . . . . . 17 . 25 4 21 . Largest Group 21 | . . . . . . . . 9 8 13 8 21 1 Highest-Rated Group 858 | . . . . . . . . 363 334 490 357 858 64 Highest-Rated Ally 109 | . . . . . . . . 85 80 68 64 109 64 Total Orders 2 | . . . . . . . . . . 2 . . . STAY 1 | . . . . . . . . . . 1 . . . FOLLOW 1 | . . . . . . . . . . 1 . . . Ally Attacks 437 | . . . . . . . . 72 54 95 6 210 . Total Damage 10354 | . . . . . . . . 1344 989 2043 121 5857 . Kills 65 | . . . . . . . . 11 7 18 . 29 . Allies Corrupted 2 | . . . . . . . . . 1 1 . . . Allies Melted 3 | . . . . . . . . . . 2 . 1 . Intel | -11 -10 -9 -8 -7 -7 -6 -5 -5 -5 -5 -4 -4 -3 ------- Run | Yrd Mat Mat Mat Fac DSF Fac Fac Gar Fac Gar Fac Ext Res Active Infowar (turns) 6209 | . . 233 374 16 94 173 263 2085 181 2170 . . 620 Optics 231 | . . 231 . . . . . . . . . . . Sensors 5471 | . . 2 152 . . . 261 2085 181 2170 . . 620 Terrain 2 | . . . . . . 2 . . . . . . . Traps 503 | . . . 220 16 94 173 . . . . . . . Jamming 1976 | . . . 4 . . . 93 1879 . . . . . ECM 9 | . . . 6 . . . 3 . . . . . . Robot Analysis Total . | . . . . . . . . . . . . . . Derelict Logs Recovered . | . . . . . . . . . . . . . . Drone Launches . | . . . . . . . . . . . . . . Drone Recoveries . | . . . . . . . . . . . . . . Exploration | -11 -10 -9 -8 -7 -7 -6 -5 -5 -5 -5 -4 -4 -3 ------------- Run | Yrd Mat Mat Mat Fac DSF Fac Fac Gar Fac Gar Fac Ext Res Turns Passed 12427 | 48 707 1453 753 16 94 626 615 2085 181 3086 250 1309 1204 Spaces Moved 8853 | 36 313 823 779 45 229 1062 746 1095 102 1597 113 583 1330 Core 40 | 5 . 5 . . . 22 . . . . . . 8 Treads 2375 | . . . . . . . . 941 102 1332 . . . Legs 2164 | 31 313 562 . . . . . . . 265 113 583 297 Wheels . | . . . . . . . . . . . . . . Hover 1181 | . . . . . . 543 471 . . . . . 167 Flight 3093 | . . 256 779 45 229 497 275 154 . . . . 858 Fastest Speed 29 | 50 120 32 32 32 32 29 40 40 152 105 185 100 37 Average Speed 101 | 110 165 135 32 32 32 45 53 136 152 155 185 153 61 Slowest Speed 360 | 120 190 250 35 32 32 200 110 152 152 240 185 360 280 Overloaded Moves . | . . . . . . . . . . . . . . Propulsion Burnouts . | . . . . . . . . . . . . . . Robots Hopped 7 | . . 2 1 . . 1 . . . . . . 3 Potential Cave-ins . | . . . . . . . . . . . . . . Cave-ins Triggered 3 | . . . . . . . . . . . . 3 . Exploration Rate (%) 41 | 3 50 51 48 2 95 33 17 97 7 93 4 49 28 Regions Visited 13 Branch Regions 1 Pre-discovered Areas . | . . . . . . . . . . . . . . Known Exits Taken 7 | . . 1 1 1 . 1 1 . 1 . 1 . . Unknown Exits Taken 3 | 1 1 . . . . . . . . . . 1 . Scrap Searched . | . . . . . . . . . . . . . . Spaces Dug 45 | . . . 7 . 2 6 6 3 3 2 . 3 13 Terrain Destroyed 297 | . . 9 7 . 2 6 10 100 5 98 . 47 13 Melee 34 | . . . 7 . 2 6 6 . . . . . 13 Projectile 80 | . . . . . . . . 7 5 27 . 41 . AOE 183 | . . 9 . . . . 4 93 . 71 . 6 . Terrain Rammed . | . . . . . . . . . . . . . . Walls Destroyed . | . . . . . . . . . . . . . . Machines Disabled . | . . . . . . . . . . . . . . Actions | -11 -10 -9 -8 -7 -7 -6 -5 -5 -5 -5 -4 -4 -3 --------- Run | Yrd Mat Mat Mat Fac DSF Fac Fac Gar Fac Gar Fac Ext Res Total 11392 | 41 398 1023 1183 45 248 1167 947 1539 115 2026 149 905 1606 Wait 1118 | . 10 63 283 . 8 29 124 214 1 185 19 68 114 Move 8828 | 35 312 818 776 44 228 1060 746 1093 102 1596 112 582 1324 Hop 7 | . . 2 1 . . 1 . . . . . . 3 Pick Up 78 | . 10 14 10 . 2 4 5 7 . 9 . 6 11 Fast Attach 169 | 6 3 13 17 1 1 14 13 16 1 25 1 25 33 Attach 54 | . 2 13 4 . 1 3 4 3 . 1 2 8 13 Detach 34 | . . 2 3 . 1 1 5 4 . 3 . 4 11 Swap 76 | . 1 11 9 . 1 8 . 12 1 12 1 8 12 Drop 132 | . 3 15 16 . 4 16 13 11 . 22 1 10 21 Fire 440 | . 57 38 . . . . 1 98 9 139 13 79 6 Melee 220 | . . 34 64 . 2 31 10 6 . . . 15 58 Ram . | . . . . . . . . . . . . . . Kick 4 | . . . . . . . . . . . . 4 . Crush 1 | . . . . . . . . . 1 . . . . Escape Stasis 36 | . . . . . . . 26 . . . . 10 . Rewire 195 | . . . . . . . . 75 . 34 . 86 . Trap . | . . . . . . . . . . . . . . Miscellaneous . | . . . . . . . . . . . . . . Route ------- -11/Scrapyard -10/Materials (discovered 2 exits: *Mat / *Min) -9/Materials -8/Materials -7/Factory (discovered 2 exits: [*Sto] / DSF) -7/DSF -6/Factory (discovered 2 exits: *Fac x2) -5/Factory (discovered 2 exits: [*Upp] / Gar) -5/Garrison (discovered 3 exits: *Fac x3) -5/Factory -5/Garrison (discovered 3 exits: *Fac x3) -4/Factory (discovered 3 exits: [*Upp x2] / *Ext) -4/Extension -3/Research History --------- Turn | Location | Event 5 | -11/Scrapyard | Discovered new exit (range 15) 49 | -11/Scrapyard | Entered Materials 81 | -10/Materials | Identified exit to Mines 318 | -10/Materials | Build established: Mutant 649 | -10/Materials | Derelicts attacked the area 674 | -10/Materials | Discovered new exit (range 8) 756 | -10/Materials | Entered another Materials area 756 | -9/Materials | Evolved 2 slots: Utility x2 1384 | -9/Materials | Core integrity fell below 50% 1412 | -9/Materials | Lost 11 parts (2p3n2u4w) 1716 | -9/Materials | Build established: Scavenger-Mutant 2178 | -9/Materials | Core integrity fell below 20% 2207 | -9/Materials | Discovered new exit (range 8) 2208 | -9/Materials | Lost 3 parts (1p2n) 2209 | -9/Materials | Identified exit to Materials 2209 | -9/Materials | Entered another Materials area 2209 | -8/Materials | Evolved 2 slots: Utility x2 2511 | -8/Materials | Lost 5 parts (1p2u2w) 2601 | -8/Materials | Core integrity fell below 50% 2624 | -8/Materials | Build established: Sprinter 2627 | -8/Materials | Discovered new exit (range 16) 2652 | -8/Materials | Identified exit to Factory 2962 | -8/Materials | Entered Factory 2962 | -7/Factory | Evolved 2 slots: Utility x2 2977 | -7/Factory | Discovered new exit (range 9) 2978 | -7/Factory | Identified exit to DSF 2978 | -7/Factory | Entered DSF 2991 | -7/DSF | Discovered new exit (range 16) 3001 | -7/DSF | Additional patrols routed to DSF 3072 | -7/DSF | Identified exit to Factory 3072 | -7/DSF | Entered Factory 3072 | -6/Factory | Evolved 2 slots: Propulsion x2 3112 | -6/Factory | Spotted B-75 Beast 3402 | -6/Factory | Discovered new exit (range 14) 3411 | -6/Factory | Identified exit to Factory 3507 | -6/Factory | Garrison activated, responded to threat 3625 | -6/Factory | Core integrity fell below 50% 3651 | -6/Factory | Lost 12 parts (1p2n7u2w) 3691 | -6/Factory | Discovered exit to Factory (range 13) 3696 | -6/Factory | Core integrity fell below 20% 3698 | -6/Factory | Entered another Factory area 3698 | -5/Factory | Evolved 2 slots: Power x1, Utility x1 3850 | -5/Factory | Build established: Mutant 4042 | -5/Factory | Discovered new exit (range 13) 4313 | -5/Factory | Identified exit to Garrison 4313 | -5/Factory | Entered Garrison 4320 | -5/Garrison | Installed Relay Interface Framework 4342 | -5/Garrison | Garrison Relay disabled 4384 | -5/Garrison | Spotted B-75 Beast 4605 | -5/Garrison | Triggered checkpoint 4797 | -5/Garrison | Destroyed B-75 Beast 4800 | -5/Garrison | Triggered checkpoint 4851 | -5/Garrison | Triggered checkpoint 5153 | -5/Garrison | Discovered new exit (range 10) 5228 | -5/Garrison | Phase Generator disabled 5379 | -5/Garrison | Triggered checkpoint 5381 | -5/Garrison | Garrison Relay disabled 5409 | -5/Garrison | Triggered checkpoint 5481 | -5/Garrison | Garrison Relay disabled 5571 | -5/Garrison | Build established: Commander-Mutant 5691 | -5/Garrison | Discovered new exit (range 14) 5732 | -5/Garrison | Spotted B-75 Beast 5752 | -5/Garrison | Rewired B-75 Beast 5781 | -5/Garrison | Allies destroyed B-75 Beast 5907 | -5/Garrison | Triggered checkpoint 5952 | -5/Garrison | Garrison Relay disabled 5996 | -5/Garrison | Found embedded Infiltrators 6086 | -5/Garrison | Triggered checkpoint 6107 | -5/Garrison | Triggered checkpoint 6187 | -5/Garrison | Garrison Relay disabled 6199 | -5/Garrison | Triggered checkpoint 6229 | -5/Garrison | Discovered new exit (range 12) 6398 | -5/Garrison | Entered Factory 6398 | -5/Factory | Accompanied by 8 allies 6579 | -5/Factory | Lost 5 allies 6579 | -5/Factory | Identified exit to Garrison 6579 | -5/Factory | Entered Garrison 6605 | -5/Garrison | Triggered checkpoint 6656 | -5/Garrison | Garrison Relay disabled 6739 | -5/Garrison | Learned Factory security intel 6769 | -5/Garrison | Triggered checkpoint 6825 | -5/Garrison | Triggered checkpoint 6972 | -5/Garrison | Build established: Bothacker-Mutant 7010 | -5/Garrison | Discovered new exit (range 12) 7071 | -5/Garrison | Triggered checkpoint 7122 | -5/Garrison | Garrison Relay disabled 7354 | -5/Garrison | Triggered checkpoint 7377 | -5/Garrison | Garrison Relay disabled 7468 | -5/Garrison | Discovered new exit (range 14) 7713 | -5/Garrison | Phase Generator disabled 8127 | -5/Garrison | Triggered checkpoint 8352 | -5/Garrison | Triggered checkpoint 8532 | -5/Garrison | Lost 3 allies 8546 | -5/Garrison | Expanded RIF knowledge: Hotswap 8573 | -5/Garrison | Garrison Relay disabled 8589 | -5/Garrison | Triggered checkpoint 8745 | -5/Garrison | Lost 5 allies 8790 | -5/Garrison | Lost 3 parts (1n2u) 8800 | -5/Garrison | Lost 5 allies 8899 | -5/Garrison | Triggered checkpoint 8924 | -5/Garrison | Discovered new exit (range 6) 8937 | -5/Garrison | Lost 3 allies 9071 | -5/Garrison | Garrison Relay disabled 9454 | -5/Garrison | Triggered checkpoint 9665 | -5/Garrison | Entered Factory 9665 | -4/Factory | Accompanied by 5 allies 9665 | -4/Factory | Evolved 2 slots: Weapon x2 9867 | -4/Factory | Discovered new exit (range 15) 9873 | -4/Factory | Discovered new exit (range 9) 9883 | -4/Factory | Discovered new exit (range 9) 9904 | -4/Factory | Identified exit to Extension 9915 | -4/Factory | First assault squad dispatched 9915 | -4/Factory | Entered Extension 9915 | -4/Extension | Accompanied by 8 allies 9957 | -4/Extension | Build established: Bothacker-Gunner 10181 | -4/Extension | Energy Cycler disabled 10181 | -4/Extension | Rescued a captive Derelict 10182 | -4/Extension | Rescued a captive Derelict 10182 | -4/Extension | Rescued a captive Derelict 10182 | -4/Extension | Rescued a captive Derelict 10183 | -4/Extension | Rescued a captive Derelict 10184 | -4/Extension | Rescued a captive Derelict 10191 | -4/Extension | Rescued a captive Derelict 10191 | -4/Extension | Rescued a captive Derelict 10196 | -4/Extension | Rescued a captive Derelict 10197 | -4/Extension | Rescued a captive Derelict 10200 | -4/Extension | Rescued a captive Derelict 10239 | -4/Extension | Disrupted transfer network 10280 | -4/Extension | Build established: Commander-Gunner 10343 | -4/Extension | Lost 3 allies 10415 | -4/Extension | First assault squad dispatched 10493 | -4/Extension | Spotted B-86 Titan 10512 | -4/Extension | Spotted B-86 Titan 10543 | -4/Extension | Assimilated Titan 7a with formatsys_high 10553 | -4/Extension | Crushed by falling debris 10562 | -4/Extension | Crushed by falling debris 10562 | -4/Extension | System corruption reached 10% 10567 | -4/Extension | Crushed by falling debris 10581 | -4/Extension | Allies destroyed B-86 Titan 10623 | -4/Extension | Lost 10 parts (4n5u1w) 10625 | -4/Extension | Lost 16 allies 10645 | -4/Extension | Discovered new exit (range 14) 10653 | -4/Extension | P-70 Sage assimilated allied F3-MD9(l) 10923 | -4/Extension | Lost 4 allies 11092 | -4/Extension | High security lockdown imminent 11133 | -4/Extension | Lost 5 parts (1n2u2w) 11172 | -4/Extension | High security lockdown engaged 11224 | -4/Extension | Entered Research 11224 | -3/Research | Accompanied by 1 ally 11224 | -3/Research | Evolved 2 slots: Utility x2 11827 | -3/Research | Lost 17 parts (3p5n7u2w) 11896 | -3/Research | Core integrity fell below 50% 11944 | -3/Research | Lost 3 parts (1n2u) 12034 | -3/Research | Build established: Mutant 12248 | -3/Research | Core integrity fell below 20% 12254 | -3/Research | Spotted B-86 Titan 12378 | -3/Research | Lost 4 parts (2u2w) 12428 | -3/Research | Destroyed by P-80 Master with Gamma Rifle Last Messages --------------- system corruption. 12398_ Adv. Sensor Array destroyed. 12399_ Penetrated by Slug. 12401_ Acquired Unknown Impact Weapon. 12401_ Identified Hvy. Mace. 12401_ Mic. Antimatter Reactor destroyed. 12401_ Adv. Corruption Screen intercepted 1% system corruption. 12402_ System corrupted: Matter fused (-10). 12403_ Field Propulsion Array destroyed. 12407_ ALERT: Suspicious intruders detected, dispatching Cutter reinforcements to area. 12416_ Detecting nearby Garrison Access. 12423_ Knocked back. 12425_ P-80 Master knocked back. 12426_ P-80 Master resets C-35 Carver, system corruption cleaned. 12426_ Connecting with Garrison Access... 12427_ 23>YNTFUCIGYNMPSE%C /NTNRZ3TFJ [Achievement: Tester] Map ----- +----------------------------------------------------+ | | | | | | | | | | | | | | | | | | | | | | | | | | | | | | | | | ?????????????????????????????????????????????????? | | ?????????????????????????????????????????????????? | | ?????????????????????????????????????????????????? | | ?????????????????????????????????????????????????? | | #########????????????????????????????????????????? | | #????????????????????????????????????????? | | ?????????????????????????????????????????? | | " ??????????????##########?????????????????? | | """"#??????? "????# p +?????????????????? | | = """"#??????? "???# @ #???????? ?????? | | """"#????# F""??# " #??????? #????? | | """"#????# """ ?# c"" +??????? ????? | | #????# # cG #???????# #????? | | #????# "" #???????# #????? | | ####"#############+####] " #???????# /????? | | ?# #???????# #????? | | #! #???????# #????? | | ### #???????# #????? | | ######### #????? | | ###"#######/###### # ! ## #????? | | "##??????? ???# # =## #????? | | ##????????? ?# # [ ## #????? | | #????????????""# ## ## #????? | | #?????????????"# = ## ## #????? | | #??????????????# % ## ## #????? | | #??????????????# ####/#####/## #????? | | #??????????????# #??# / # #????? | | #??????????????# #??# # # #????? | | #??????????????# #### # # #????? | | +##??????????????# + # #????? | | #???????????????# ##### # # #????? | | #???????????????# #???# # # #????? | | ################# #???# ######## #????# | | + # #### ###???# #??????# #????# | +----------------------------------------------------+ Best States ------------- Heat Dissipation 122 Coolant Potential 100 Energy Generation 45 Energy Capacity 600 Matter Stores 300 Matter Capacity 300 Sight Range 18 Robot Scan Range 16 Terrain Scan Density 10 Jamming Range 14 Power Amplification 20 Additional Mass Support 9 Base Temperature (-) 200 Corruption Block 20 Armor Coverage 450 Propulsion Shielding 33 Weapon Cycling 25 Melee Speed Boost 20 Phase Shifting 10 Evasion (%) 74 Targeting Accuracy 5 Melee Accuracy 5 Target Analysis 8 Core Analysis 6 Recoil Reduction 4 Defensive Hacking 10 Relay Coupler Types 5 Relay Coupler Value 142 Authchip Count 1 Item Schematics ----------------- Adv. Sensor Array | -6/Factory | Hacked Robot Schematics ------------------ None Fabricated ------------ Nothing Repaired ---------- Nothing Studied --------- None Alien Tech Used ----------------- None Achievements -------------- Tester Challenges ------------ None Game ------ Seed NullMobileDissipator Manual? 0 Play Time 02:01:15 Cumulative 101.8 hours Start 2026.09.11 @ 12:05:11 End 2026.09.11 @ 14:06:43 Sessions 1 Manual Loads 0 Difficulty Rogue Special Mode None Game No. 116 Rogue 116 Adventurer 0 Explorer 0 Win Type - Total 0 Types 0/0/0/0/0/0/0/0/0/0 Lore% 44 Gallery% 50 Achievement% 41 Wizard Run 0 Options --------- Layout 1 ASCII 0 Keyboard 0 Movement Mouse Keybinds 0 Fullscreen 2 Font 24/Smallcaps Map View 50x35 Zoom Use 0% Tactical HUD 1 Map Filters NONE Filters NONE Steam 1 RUN: 02400351-0366-4d64-8837-0add51fe0794